 Dungeon Crawl Stone Soup version 0.28-a0-998-gb9e9c7b67e (webtiles) character file.

Game seed: 7118624460632581030

66 bearlyready the Ruffian (level 4, 0/35 HPs)
             Began as a Ghoul Artificer on Dec 5, 2021.
             Slain by a wyvern zombie (10 damage)
             ... on level 3 of the Dungeon.
             The game lasted 00:02:26 (2366 turns).

bearlyready the Ruffian (Ghoul Artificer)           Turns: 2366, Time: 00:02:27

Health: 0/35       AC:  3    Str: 17    XL:     4   Next: 15%
Magic:  3/3        EV: 11    Int:  6    God:
Gold:   57         SH:  0    Dex:  9    Spells: 3/3 levels left

rFire   . . .      SeeInvis .     - Unarmed
rCold   + . .      Faith    .   (no shield)
rNeg    + + +      Spirit   .   b - +0 leather armour
rPois   ∞          Reflect  .   (no helmet)
rElec   .          Harm     .   (no cloak)
rCorr   .          Rampage  .   (no gloves)
Will    .....                   (no boots)
Stlth   +.........              (no amulet)
HPRegen 0.00/turn               (no ring)
MPRegen 0.08/turn               (no ring)

@: inhibited regen
A: claws 1, cold resistance 1, negative energy resistance 3, inhibited
regeneration, torment resistance 2
a: no special abilities


You were on level 3 of the Dungeon.
You visited 1 branch of the dungeon, and saw 3 of its levels.

You collected 57 gold pieces.

Inventory:

Missiles
 f - 67 stones
 h - 3 boomerangs
 i - 5 curare-tipped darts
Armour
 b - a +0 leather armour (worn)
Wands
 c - a wand of flame (12) (quivered)
 d - a wand of charming (15)
Scrolls
 a - a scroll of identify {unknown}
 j - a scroll of amnesia {unknown}
 k - 2 scrolls of teleportation {unknown}
Potions
 g - 2 potions of flight {unknown}
 l - a potion of curing {unknown}
Miscellaneous
 e - a piece from Xom's chessboard (11/15)


   Skills:
 - Level 1.1 Fighting
 - Level 1.7 Armour
 - Level 0.8 Dodging
 - Level 1.1 Stealth
 + Level 4.0 Unarmed Combat
 - Level 2.6 Evocations


You had 3 spell levels left.
You didn't know any spells.
Your spell library was empty.

Dungeon Overview and Level Annotations

Branches:
Dungeon (3/15)

Altars:
Zin


Innate Abilities, Weirdness & Mutations

You thrive by killing the living.
You are immune to poison.
You have sharp fingernails.
Your flesh is cold resistant. (rC+)
You are immune to negative energy. (rN+++)
You do not regenerate when monsters are visible.
You are immune to unholy pain and torment.


Message History

There is a stone staircase leading down here.
There is a stone staircase leading down here.
Done exploring.
Done exploring.
Done exploring.
Done exploring.
No target in view!
There is a glowing silver altar of Zin here.
You kneel at the altar of Zin.
Zin does not accept worship from those such as you!
Unknown command.
Press < or > to pray at altars.
Key pressed, stopping travel.
You kneel at the altar of Zin.
Zin does not accept worship from those such as you!
Unknown command.
Press < or > to pray at altars.
Unknown command.
Press < or > to pray at altars.
There is a stone staircase leading down here.
You climb downwards.
There is a stone staircase leading up here.
A wyvern zombie is nearby!
The wyvern zombie closely misses you.
You scratch the wyvern zombie.
The wyvern zombie is lightly damaged.
The wyvern zombie bites you.
You scratch the wyvern zombie.
The wyvern zombie is lightly damaged.
The wyvern zombie bites you! The wyvern zombie bites you.
You barely miss the wyvern zombie.
The wyvern zombie is lightly damaged.
The wyvern zombie bites you.
You are too injured to fight recklessly!
You barely miss the wyvern zombie.
The wyvern zombie is lightly damaged.
The wyvern zombie bites you.
* * * LOW HITPOINT WARNING * * *
The wyvern zombie bites you!
You die...

#. .#.# #.
.#.# .#.#.#
.....#
##...##
##.....##
##.......##
#...Z.....#
+...@.....+
#.........#
##.......##
##.....##
##...##
##+##


You could see a wyvern zombie.

Vanquished Creatures
  3 gnolls (D:2)
  An adder (D:1)
  A worm (D:2)
  3 ball pythons
  5 bats
  3 endoplasms
  2 goblins
  A hobgoblin (D:2)
  A jackal (D:2)
  3 frilled lizards (D:1)
  2 kobolds
  3 rats (D:1)
28 creatures vanquished.

Notes
Turn   | Place    | Note
-------+----------+-------------------------------------------
     0 | D:1      | bearlyready the Ghoul Artificer began the quest for the
                  | Orb.
     0 | D:1      | Reached XP level 1. HP: 16/16 MP: 0/0
   107 | D:1      | Reached skill level 1 in Unarmed Combat
   160 | D:1      | Reached XP level 2. HP: 12/23 MP: 1/1
   424 | D:1      | Reached skill level 2 in Unarmed Combat
   773 | D:1      | Found a faded altar of an unknown god.
   970 | D:1      | Reached XP level 3. HP: 23/28 MP: 2/2
  1293 | D:2      | Reached skill level 3 in Unarmed Combat
  2037 | D:2      | Reached skill level 4 in Unarmed Combat
  2037 | D:2      | Reached XP level 4. HP: 12/35 MP: 3/3
  2366 | D:3      | Slain by a wyvern zombie

Illustrated notes

Levels and vault maps discovered:
D:1:      noname_arrival_rooms_in_the_neighbourhood, layout_loops_ring,
          shapermc_ecumenical_altar_acropolis
D:2:      layout_loops_corners, basic_altar, minmay_diced_spiral
D:3:      layout_loops_corners, serial_shops, nicolae_shop_hallway_plus, shop,
          shop, nicolae_diamond_shop, nicolae_square_shop, minmay_snake_closets

Skill      XL: |  1  2  3 |
---------------+----------+-----
Unarmed Combat | 1 2 4 |  4.0
Fighting       | |  1.1
Armour         | |  1.7
Dodging        | |  0.8
Stealth        | |  1.1
Evocations     | |  2.6

Action                   |  1- 3 |  4- 6 || total
-------------------------+-------+-------++-------
Melee: Unarmed           |   103 |     4 ||   107
Evoke: Piece from Xom's  |     6 |       ||     6
       Wand              |     3 |       ||     3
 Stab: Paralysed         |     5 |       ||     5
       Petrified         |     4 |       ||     4
Armor: Leather armour    |    31 |       ||    31
Dodge: Dodged            |    70 |     1 ||    71

Table legend: (Time is in decaauts)
 A = Elapsed time spent in this place.
 B = Non-inter-level travel time spent in this place.
 C = Inter-level travel time spent in this place.
 D = Time resting spent in this place.
 E = Time spent auto-exploring this place.
 F = Levels seen in this place.
 G = Mean time per level.
                   A        B        C        D        E       F      G
               +--------+--------+--------+--------+--------+-----+--------+
         Total |   2363 |   2257 |    106 |    216 |   1746 |   3 |  787.7 |
       Dungeon |   2363 |   2257 |    106 |    216 |   1746 |   3 |  787.7 |
               +--------+--------+--------+--------+--------+-----+--------+

Top non-repeatable levels by time:
     D:1: 1212 daAuts
     D:2: 1144 daAuts
     D:3: 7 daAuts
